 Dungeon Crawl Stone Soup version 0.26-a0-753-g4680b4fa2e (webtiles) character file.

Game seed: 13283344694734446467

20286 2tc the Spear-Bearer (level 12, -3/78 HPs)
             Began as a Demonspawn Gladiator on Nov 7, 2020.
             Was an Elder of Kikubaaqudgha.
             Slain by a death yak (19 damage)
             ... on level 3 of the Lair of Beasts.
             The game lasted 01:16:17 (16042 turns).

2tc the Spear-Bearer (Demonspawn Gladiator)        Turns: 16042, Time: 01:16:19

Health: -3/78      AC: 16    Str: 16    XL:     12   Next: 44%
Magic:  20/24      EV: 13    Int: 16    God:    Kikubaaqudgha [****..]
Gold:   1003       SH: 10    Dex: 15    Spells: 2/15 levels left

rFire    . . .     SeeInvis .   e - +3 trident (protect)
rCold    . . .     Faith    .   F - +0 buckler
rNeg     . . .     Spirit   .   m - +1 robe of the Five Tales {-Tele rPois Regen+}
rPois    +         Reflect  +   I - +1 helmet {Int+3}
rElec    .         Harm     .   (no cloak)
rCorr    .         Rampage  .   k - +0 pair of gloves
MR       .....     NoTele   +   (boots unavailable)
Stlth    +.........             A - amulet of reflection
HPRegen  0.63/turn              (no ring)
MPRegen  0.19/turn              g - ring of magical power

@: protection aura
A: talons 3, spiny 2, augmentation 1, sharp scales 2
a: Receive Corpses, Renounce Religion


You were on level 3 of the Lair of Beasts.
You worshipped Kikubaaqudgha.
Kikubaaqudgha was greatly pleased with you.
You visited 3 branches of the dungeon, and saw 15 of its levels.
You also visited: Ossuary.

You collected 1003 gold pieces.

Inventory:

Hand Weapons
 e - a +3 trident of protection (weapon)
 u - a +0 spear of venom
 v - a +0 trident of venom
 w - a +3 antimagic trident
Missiles
 d - 12 throwing nets
 f - 28 boomerangs (quivered)
Armour
 k - a +0 pair of gloves (worn)
 m - the +1 robe of the Five Tales (worn) {-Tele rPois Regen+}
   (You found it on level 6 of the Dungeon)

   It protects you from poison.
   It prevents most forms of teleportation.
   It increases your rate of regeneration.
 F - a +0 buckler (worn)
 G - a scarf of harm
 H - a +0 kite shield
 I - a +1 helmet of intelligence (worn)
 K - the cursed +1 ring mail "Xuppe" {rN+ Slay+2}
   (You found it on level 1 of the Lair of Beasts)

   It affects your accuracy and damage with ranged weapons and melee attacks
   (+2).
   It protects you from negative energy.
   It has a curse placed upon it.
Magical Staves
 t - an uncursed staff of cold
Jewellery
 g - a ring of magical power (right hand)
 A - an amulet of reflection (around neck)
Wands
 c - a wand of polymorph (8)
 l - a wand of flame (7)
 D - a wand of iceblast (18)
 E - a wand of paralysis (10)
Scrolls
 a - a scroll of magic mapping
 b - 9 scrolls of remove curse
 h - 4 scrolls of teleportation
 i - 3 scrolls of enchant weapon
 o - a scroll of fog
 s - 3 scrolls of fear
 y - a scroll of blinking
 B - 2 scrolls of enchant armour
 J - 2 scrolls of amnesia
 N - a scroll of summoning
 O - a scroll of torment {unknown}
Potions
 j - 12 potions of curing
 n - 3 potions of invisibility
 p - 2 potions of cancellation
 q - 3 potions of might
 r - 2 potions of brilliance
 z - 2 potions of magic
 C - 3 potions of ambrosia
 L - a potion of resistance
 M - a potion of haste


   Skills:
 + Level 2.1 Fighting
 - Level 14.0 Polearms
 - Level 1.7 Throwing
 - Level 6.0 Armour
 - Level 2.6 Dodging
 - Level 4.0 Shields
 - Level 2.0 Spellcasting
 - Level 12.0 Necromancy


You had 2 spell levels left.
You knew the following spells:

 Your Spells              Type           Power        Failure   Level
a - Vampiric Draining     Necr           #####.....   1%          3
b - Pain                  Necr           ####         1%          1
c - Agony                 Necr           #####...     4%          5
d - Dispel Undead         Necr           #####...     1%          4

Your spell library contained the following spells:

 Spells                   Type           Power        Failure   Level
 Animate Skeleton         Necr           #####.       1%          1
 Sublimation of Blood     Necr           #####.....   1%          2
 Corona                   Hex            #......      21%         1
 Magic Dart               Conj           #...         21%         1
 Summon Small Mammal      Summ           #...         21%         1
 Blink                    Tloc           N/A          30%         2
 Call Imp                 Summ           #.......     30%         2
 Ensorcelled Hibernation  Hex/Ice        #.....       30%         2
 Slow                     Hex            #.......     30%         2
 Animate Dead             Necr           #####.....   1%          4
 Borgnjor's Vile Clutch   Necr/Erth      ###.......   43%         5
 Call Canine Familiar     Summ           #.......     52%         3
 Confusing Touch          Hex            #.......     52%         3
 Conjure Flame            Conj/Fire      #.......     52%         3
 Dazzling Flash           Conj/Hex       #.....       52%         3
 Gell's Gravitas          Tloc           #.........   52%         3
 Mephitic Cloud           Conj/Pois/Air  #.......     52%         3
 Summon Guardian Golem    Hex/Summ       #.......     52%         3
 Tukima's Dance           Hex            #.......     52%         3
 Petrify                  Tmut/Erth      #.......     90%         4
 Summon Ice Beast         Ice/Summ       #.......     90%         4
 Summon Lightning Spire   Summ/Air       #.......     90%         4
 Simulacrum               Ice/Necr       ###.......   95%         6
 Metabolic Englaciation   Hex/Ice        #.........   99%         5
 Yara's Violent Unravell  Hex/Tmut       #.........   99%         5


Dungeon Overview and Level Annotations

Branches:
Dungeon (10/15)            Temple (1/1) D:5            Lair (4/6) D:8
 Spider (0/4) Lair:3          Orc (0/2) D:10        Ossuary (visited)
  Swamp: Lair:2-4    Shoals: Lair:2-4

Altars:
Ashenzari
Cheibriados
Dithmenos
Elyvilon
Fedhas
Gozag
Hepliaklqana
Kikubaaqudgha
Makhleb
Nemelex Xobeh
Okawaru
Qazlal
Ru
Sif Muna
Trog
Uskayaw
Vehumet
Wu Jian
Xom
Yredelemnul
Zin
The Shining One
Beogh

Shops:
D:5 :[(   D:8 =

Annotations:
D:6 exclusion: 4 doors
D:7 Dowan, Duvessa
Lair:2 exclusion: 4 oklob plants
Lair:3 exclusion: oklob plant


Innate Abilities, Weirdness & Mutations

You have claws for feet.
You are mostly covered in sharp spines.
Your magical and physical power is slightly enhanced at high health.
You are mostly covered in razor-sharp scales. (AC +2, Slay +2)


Message History

The death yak resists with almost no effort.
The death yak gores you!
* * * LOW HITPOINT WARNING * * *
Press: ? - help, v - describe, . - travel
Here: a death yak (severely wounded)
The floor, spattered with blood.
Okay, then.
Press: ? - help, v - describe, . - travel
Here: a death yak (severely wounded)
The floor, spattered with blood.
Okay, then.
Casting: Pain (safe; 1% risk of failure)
Confirm with . or Enter, or press ? or * to list all spells.
Aiming: Pain (safe; 1% risk of failure)
Press: ? - help, Shift-Dir - straight line, f/p - death yak
Aim: a death yak (severely wounded, chance to defeat MR: 21%)
The death yak resists with almost no effort.
The death yak is struck by your spines. The death yak gores you!!
You die...
Kikubaaqudgha rasps: "You have failed me!
Welcome... death!"

...(..........## ###...........##
..........P....###..........#...#
.........####...#..........##...#
........# ##.......P.....##...#
.......## #P....##......#.....
........# #....####......#....
........## ####..### #...........
.<.......###.##....####.........#
...........##.#.@Y.............##
............#...####.#.......###
...............###..>.#......#
..............###.......#..###
...............#....8....###
.............##.....#.....##
............##...##.####...###
............#...####.####....###
................#......##....#.##


You could see a death yak.

Vanquished Creatures
  4 hydras
  A death yak (Lair:3)
  Nergalle (D:10)
  Sonja (D:10)
  4 cane toads
  4 rime drakes
  5 komodo dragons
  2 jumping spiders (Lair:3)
  A polar bear (D:10)
  Grinder (D:4)
  A hornet (D:10)
  A centaur simulacrum (D:10)
  Sigmund (D:4)
  2 redbacks (Lair:3)
  2 wraiths
  21 yaks
  A wyvern (Lair:3)
  A basilisk (Lair:3)
  A steam dragon (D:9)
  Edmund (D:4)
  10 water moccasins
  5 ice beasts (D:10)
  3 black bears
  7 orc warriors
  A sky beast (D:6)
  5 ogres
  9 wolves
  A centaur (D:9)
  5 bullfrogs
  5 gnoll sergeants (D:5)
  A scorpion (D:6)
  9 killer bees
  5 electric eels
  3 howler monkeys
  A wyvern simulacrum (D:10)
  A centaur zombie (D:5)
  2 bullfrog zombies
  A quasit (D:6)
  2 orc priests
  2 gnoll shamans (D:5)
  9 hounds
  A jelly (D:10)
  2 bullfrog skeletons
  5 orc wizards
  Jessica (D:2)
  2 iguanas (D:7)
  Natasha (twice) (D:4)
  9 worker ants
  2 hell rats (Lair:3)
  A mummy (Ossuary)
  2 worker ant zombies (D:5)
  40 gnolls
  A howler monkey skeleton (D:9)
  12 adders
  6 river rats (Lair:3)
  A hound simulacrum (D:10)
  5 white imps
  3 ufetubi
  3 oozes
  An adder zombie (D:6)
  An adder skeleton (D:7)
  A dart slug (D:3)
  2 worms
  5 leopard geckos
  46 orcs
  9 bats
  5 giant cockroaches
  3 goblins
  6 hobgoblins
  21 jackals
  6 quokkas
  A ball python (D:1)
  4 frilled lizards
  4 gnoll skeletons (Ossuary)
  A jackal skeleton (D:8)
  7 kobolds
  5 kobold skeletons (Ossuary)
  16 orc skeletons (Ossuary)
  7 rats
392 creatures vanquished.

Vanquished Creatures (others)
  A goblin (D:6)
  4 fungi
  10 plants
15 creatures vanquished.

Grand Total: 407 creatures vanquished

Notes
Turn   | Place    | Note
-------+----------+-------------------------------------------
     0 | D:1      | 2tc the Demonspawn Gladiator began the quest for the Orb.
     0 | D:1      | Reached XP level 1. HP: 16/16 MP: 1/1
   170 | D:1      | Reached skill level 3 in Polearms
   313 | D:1      | Gained mutation: You have sharp toenails. [demonic
                  | ancestry]
   313 | D:1      | Reached XP level 2. HP: 22/22 MP: 2/2
  1086 | D:2      | Found a shadowy altar of Dithmenos.
  1104 | D:2      | Reached XP level 3. HP: 25/27 MP: 3/3
  1124 | D:2      | Noticed Jessica
  1137 | D:2      | Killed Jessica
  1137 | D:2      | Reached skill level 4 in Polearms
  1239 | D:2      | Gained mutation: You are partially covered in sharp spines.
                  | [demonic ancestry]
  1239 | D:2      | Reached XP level 4. HP: 28/33 MP: 4/4
  1539 | D:2      | Found a faded altar of an unknown god.
  1778 | D:3      | Reached skill level 5 in Polearms
  2483 | D:4      | Found a sacrificial altar of Ru.
  2660 | D:4      | Gained mutation: You are partially covered in razor-sharp
                  | scales. (AC +1, Slay +1) [demonic ancestry]
  2660 | D:4      | Reached XP level 5. HP: 31/38 MP: 5/5
  2723 | D:4      | You fall into a shaft and drop 2 floors!
  2809 | D:6      | Got a wizard robe
  2810 | D:6      | Identified the +1 robe of the Five Tales {-Tele rPois
                  | Regen+} (You found it on level 6 of the Dungeon)
  2960 | D:6      | Found a hide-covered altar of Uskayaw.
  3017 | D:6      | Reached skill level 6 in Polearms
  3146 | D:6      | Reached XP level 6. HP: 44/44 MP: 6/6
  3171 | D:6      | Found a glowing silver altar of Zin.
  3175 | D:5      | Entered Level 5 of the Dungeon
  3207 | D:4      | Noticed Edmund
  3393 | D:5      | Reached skill level 7 in Polearms
  3485 | D:5      | Found a staircase to the Ecumenical Temple.
  3492 | D:5      | Gained mutation: You are mostly covered in sharp spines.
                  | [demonic ancestry]
  3492 | D:5      | Reached XP level 7. HP: 50/50 MP: 7/7
  3499 | Temple   | Entered the Ecumenical Temple
  3833 | D:4      | Killed Edmund
  3833 | D:4      | Reached skill level 8 in Polearms
  3891 | D:4      | Noticed Natasha
  3902 | D:4      | Killed Natasha
  4069 | D:4      | Noticed Natasha
  4078 | D:4      | Killed Natasha
  4152 | D:4      | Noticed Sigmund
  4233 | D:4      | Noticed Grinder
  4264 | D:4      | Paralysed by Grinder for 7 turns
  4286 | D:4      | Killed Grinder
  4286 | D:4      | Reached skill level 9 in Polearms
  4286 | D:4      | Gained mutation: You have razor-sharp toenails. [demonic
                  | ancestry]
  4286 | D:4      | Reached XP level 8. HP: 56/56 MP: 8/8
  4418 | D:5      | Found Hyng's Armour Shoppe.
  4433 | D:5      | Found Zyiviagh's Weapon Emporium.
  4495 | D:5      | Found a hazy altar of Hepliaklqana.
  4495 | D:5      | Found a white marble altar of Elyvilon.
  5313 | D:5      | Reached skill level 10 in Polearms
  5652 | D:5      | Found Iharomoh's Book Shoppe.
  6103 | D:5      | Reached skill level 11 in Polearms
  6301 | D:4      | Killed Sigmund
  6301 | D:4      | Gained mutation: You are mostly covered in razor-sharp
                  | scales. (AC +2, Slay +2) [demonic ancestry]
  6301 | D:4      | Reached XP level 9. HP: 60/61 MP: 9/9
  6791 | D:6      | Found a burning altar of Makhleb.
  7446 | D:6      | Found an iron altar of Okawaru.
  7606 | D:7      | Reached skill level 1 in Spellcasting
  7617 | D:7      | Found a snail-covered altar of Cheibriados.
  7663 | D:7      | Noticed Dowan
  8192 | D:7      | Found an ancient bone altar of Kikubaaqudgha.
  8201 | D:7      | Became a worshipper of Kikubaaqudgha
  8712 | D:7      | Noticed Duvessa
  8737 | D:8      | Found Ruucs's Jewellery Shop.
  8759 | D:8      | Found a sand-covered staircase.
  8776 | Ossuary  | Entered an ossuary
  8845 | Ossuary  | Reached skill level 12 in Polearms
  8942 | Ossuary  | Reached * piety under Kikubaaqudgha
  8942 | Ossuary  | Identified Kikubaaqudgha's Handbook of Unholy Rituals
                  | (Kikubaaqudgha gifted it to you in an ossuary)
  8942 | Ossuary  | Received a gift from Kikubaaqudgha
  8950 | Ossuary  | Learned a level 3 spell: Vampiric Draining
  8982 | D:8      | Reached skill level 1 in Armour
  9014 | D:8      | Found a staircase to the Lair.
  9039 | D:8      | Learned a level 1 spell: Pain
  9111 | D:8      | Found a broken altar of Ashenzari.
  9240 | D:8      | Found a shimmering blue altar of Sif Muna.
  9815 | D:9      | Found a glowing golden altar of the Shining One.
  9880 | D:9      | Gained mutation: You have claws for feet. [demonic
                  | ancestry]
  9880 | D:9      | Reached XP level 10. HP: 67/67 MP: 13/13
  9991 | D:9      | Reached skill level 1 in Shields
 10096 | D:9      | Found a stormy altar of Qazlal.
 10185 | D:9      | Reached ** piety under Kikubaaqudgha
 10259 | D:9      | Found a roughly hewn altar of Beogh.
 10391 | D:10     | Entered Level 10 of the Dungeon
 10479 | D:10     | Reached skill level 5 in Necromancy
 10665 | D:10     | Noticed Sonja
 10677 | D:10     | Killed Sonja
 10943 | D:10     | Reached *** piety under Kikubaaqudgha
 10943 | D:10     | Identified Kikubaaqudgha's Disquisition on Necromancy
                  | (Kikubaaqudgha gifted it to you on level 10 of the Dungeon)
 10943 | D:10     | Received a gift from Kikubaaqudgha
 11054 | D:10     | Noticed Nergalle
 11101 | D:10     | Killed Nergalle
 11144 | D:10     | Learned a level 5 spell: Agony
 11149 | D:10     | Learned a level 4 spell: Dispel Undead
 11256 | D:10     | Found a staircase to the Orcish Mines.
 11487 | D:10     | Gained mutation: Your magical and physical power is
                  | slightly enhanced at high health. [demonic ancestry]
 11487 | D:10     | Reached XP level 11. HP: 68/72 MP: 14/14
 11622 | Lair:1   | Entered Level 1 of the Lair of Beasts
 11684 | Lair:1   | Reached skill level 10 in Necromancy
 11874 | Lair:1   | Reached **** piety under Kikubaaqudgha
 12479 | Lair:1   | Got a translucent ring mail
 12851 | Lair:2   | Identified the cursed +1 ring mail "Xuppe" {rN+ Slay+2}
                  | (You found it on level 1 of the Lair of Beasts)
 12906 | Lair:2   | Noticed an oklob plant
 12906 | Lair:2   | Noticed an oklob plant
 12906 | Lair:2   | Noticed an oklob plant
 12906 | Lair:2   | Noticed an oklob plant
 12907 | Lair:2   | Found the +10 morningstar "Eos" {elec, Halo rElec}
 13140 | Lair:2   | Noticed a five-headed hydra
 13201 | Lair:2   | Found a shimmering blue altar of Sif Muna.
 13870 | Lair:3   | Noticed an oklob plant
 14189 | Lair:3   | Reached skill level 13 in Polearms
 14307 | Lair:3   | Noticed a four-headed hydra
 14318 | Lair:3   | Killed a four-headed hydra
 14641 | Lair:3   | Reached XP level 12. HP: 43/78 MP: 10/15
 14785 | Lair:3   | Noticed a four-headed hydra
 14793 | Lair:3   | Killed a four-headed hydra
 15002 | Lair:3   | Found a hole to the Spider Nest.
 15192 | Lair:3   | Reached skill level 14 in Polearms
 15609 | Lair:2   | Killed a five-headed hydra
 15859 | Lair:4   | Noticed a five-headed hydra
 15868 | Lair:4   | Killed a five-headed hydra
 15868 | Lair:4   | Reached skill level 5 in Armour
 15917 | Lair:4   | Noticed a four-headed hydra
 16009 | Lair:4   | Noticed a death yak
 16009 | Lair:4   | Noticed a death yak
 16009 | Lair:4   | Noticed a death yak
 16009 | Lair:4   | Noticed a death yak
 16009 | Lair:4   | Noticed a death yak
 16037 | Lair:3   | Killed a death yak
 16042 | Lair:3   | Slain by a death yak

Illustrated notes

Levels and vault maps discovered:
D:1:      dpeg_arrival_boxorama, layout_basic
D:2:      layout_rooms, chequers_ecumenical_altar_lobes, serial_park_tiny_1,
          hangedman_decor_diamond_cutter, nicolae_dithmenos_shadow_blocks,
          uniq_jessica
D:3:      layout_rooms
D:4:      layout_gridville, nicolae_overflow_crystal_walls, serial_bayou_pond_c,
          uniq_natasha, uniq_grinder, uniq_sigmund, uniq_edmund
D:5:      layout_cave_pools, gammafunk_temple_overflow_statue,
          minmay_temple_entry_mini_moons, serial_gnoll_camp,
          gnoll_camp_mini_shop, gnoll_camp_mini_loothouse,
          gnoll_camp_mini_sergeant, gnoll_camp_huts_moat, gnoll_camp_mini_house,
          gnoll_camp_medium_02, serial_shops, nicolae_shop_behind_doors,
          nicolae_shop_statue_plus
D:6:      layout_loops_corners, lightli_temple_of_fire,
          okawaru_altar_gauntlet_db, nicolae_overflow_hidden_temple,
          lemuel_crystal_altar, serial_glass, glass_columns_a, glass_columns_b,
          kennysheep_big_empty_room
D:7:      layout_basic, lemuel_crystal_altar, kiku_gazebo_pond_becter,
          uniq_duvessa
D:8:      layout_rooms, kennysheep_mini_moat, lemuel_coloured_pillars_altar,
          lair_entry_dummy, enter_ossuary_1, serial_shops, nicolae_shop_stone,
          minivault_27
D:9:      layout_loops_ring, nicolae_qazlal_style_of_elements,
          old_standard_altar, special_room [special_room_orc]
D:10:     layout_cave_pools, orc_0_dummy, serial_ice, serial_ice_g,
          serial_ice_a, serial_ice_o, serial_ice_e, serial_ice_n, serial_ice_j,
          serial_ice_h, uniq_nergalle, uniq_sonja
Temple:   jpeg_temple_island
Lair:1:   layout_layer_cave
Lair:2:   layout_concentric_octagons, basic_altar, minmay_lair_oklob_chamber,
          infiniplex_staircase_pool_2
Lair:3:   layout_layer_cave, spider_nest_entry_a, kennysheep_rathole,
          grunt_megastairs_5
Lair:4:   layout_gridlike, palyth_hydra_swamp_entry,
          nicolae_quartered_pool_medium

Skill      XL: |  1  2  3  4  5  6  7  8  9 10 11 12 |
---------------+-------------------------------------+-----
Polearms       | 3 4 5 6 7 9 11 12 13 14 | 14.0
Spellcasting   | 2 |  2.0
Necromancy     | 3 9 12 | 12.0
Armour         | 3 6 |  6.0
Shields        | 4 |  4.0
Fighting       | |  2.1
Throwing       | |  1.7
Dodging        | |  2.6

Action                   |  1- 3 |  4- 6 |  7- 9 | 10-12 || total
-------------------------+-------+-------+-------+-------++-------
Melee: Trident           |    75 |   138 |    49 |   195 ||   457
       Kick              |     9 |    41 |    32 |   154 ||   236
       Spear             |       |    67 |   557 |   357 ||   981
Throw: Boomerang         |       |       |    72 |    10 ||    82
       Throwing net      |       |       |     1 |       ||     1
 Cast: Pain              |       |       |       |    32 ||    32
       Vampiric Draining |       |       |       |    21 ||    21
       Agony             |       |       |       |     8 ||     8
Evoke: Wand              |       |       |       |     7 ||     7
  Use: Scroll            |     3 |    10 |    15 |    11 ||    39
       Potion            |       |       |     4 |     5 ||     9
 Stab: Sleeping          |     1 |       |     2 |     3 ||     6
Armor: Leather armour    |    17 |     7 |       |       ||    24
       Robe              |       |    19 |    60 |    53 ||   132
       Skin              |       |       |    10 |       ||    10
Dodge: Dodged            |    51 |   106 |   178 |   129 ||   464
Block: Other             |       |       |     7 |     9 ||    16
       Buckler           |       |       |       |   109 ||   109
       Reflection        |       |       |       |     3 ||     3

Table legend: (Time is in decaauts)
 A = Elapsed time spent in this place.
 B = Non-inter-level travel time spent in this place.
 C = Inter-level travel time spent in this place.
 D = Time resting spent in this place.
 E = Time spent auto-exploring this place.
 F = Levels seen in this place.
 G = Mean time per level.
                   A        B        C        D        E       F      G
               +--------+--------+--------+--------+--------+-----+--------+
         Total |  15611 |  14964 |    647 |   3924 |   7980 |  16 |  975.7 |
       Dungeon |  10916 |  10460 |    456 |   2913 |   5178 |  10 | 1091.6 |
        Temple |    230 |    219 |     11 |      0 |    219 |   1 |  230.0 |
          Lair |   4281 |   4101 |    180 |   1010 |   2484 |   4 | 1070.2 |
       Ossuary |    183 |    183 |      0 |      0 |     98 |   1 |  183.0 |
               +--------+--------+--------+--------+--------+-----+--------+

Top non-repeatable levels by time:
     D:6: 2114 daAuts
     D:5: 1767 daAuts
  Lair:3: 1766 daAuts
  Lair:2: 1202 daAuts
     D:7: 1158 daAuts
  Lair:1: 1118 daAuts
    D:10: 1093 daAuts
     D:1: 973 daAuts
     D:4: 925 daAuts
     D:9: 898 daAuts
     D:2: 726 daAuts
     D:3: 724 daAuts
     D:8: 536 daAuts
  Temple: 230 daAuts
  Lair:4: 193 daAuts
